 Dungeon Crawl Stone Soup version 0.29-a0-321-gf1c400731a (webtiles) character file.

Game seed: 6941232734728491537

123 YayAnonymity the Shield-Bearer (level 5, -4/41 HPs)
             Began as a Formicid Fighter on Apr 5, 2022.
             Slain by a wyvern (13 damage)
             ... on level 5 of the Dungeon.
             The game lasted 00:03:48 (2978 turns).

YayAnonymity the Shield-Bearer (Formicid Fighter)   Turns: 2978, Time: 00:03:48

Health: -4/41      AC:  7    Str: 23    XL:     5   Next: 28%
Magic:  5/5        EV:  9    Int:  7    God:
Gold:   98         SH:  5    Dex: 10    Spells: 4/4 levels left

rFire   . . .      SeeInvis +   a - +0 war axe (chaos)
rCold   . . .      Faith    .   c - +1 buckler
rNeg    . . .      Spirit   .   g - +0 scale mail
rPois   .          Reflect  .   (helmet unavailable)
rElec   .          Harm     .   (no cloak)
rCorr   .          Rampage  .   (no gloves)
Will    .....                   (no boots)
Stlth   ..........              (no amulet)
HPRegen 0.13/turn               (no ring)
MPRegen 0.09/turn               (no ring)

@: no status effects
A: permanent stasis, dig shafts and tunnels, antennae 3, four strong arms
a: Dig, Shaft Self


You were on level 5 of the Dungeon.
You visited 1 branch of the dungeon, and saw 4 of its levels.

You collected 98 gold pieces.

Inventory:

Hand Weapons
 a - a +0 war axe of chaos (weapon)
 b - a +1 vampiric whip
Armour
 c - a +1 buckler (worn)
 g - a +0 scale mail (worn)
Jewellery
 o - an amulet of magic regeneration
Potions
 d - 2 potions of might
 f - 2 potions of mutation
 j - a potion of flight
 k - 2 potions of ambrosia {unknown}
 n - a potion of lignification {unknown}
 p - a potion of degeneration {unknown}
 q - a potion of attraction {unknown}


   Skills:
 - Level 3.2 Fighting
 * Level 3.8 Axes
 + Level 4.2 Armour
 + Level 4.5 Shields


You had 4 spell levels left.
You didn't know any spells.
Your spell library contained the following spells:

 Spells                   Type           Power      Damage    Failure   Level
 Lesser Beckoning         Tloc           0%         N/A       99%         3
 Manifold Assault         Tloc           0%         N/A       100%        5
 Blink                    Tloc           Unusable   N/A       N/A         2

Dungeon Overview and Level Annotations

Branches:
Dungeon (5/15)
 Temple: D:4-7

Altars:

Annotations:
D:4 exclusion: 2 doors


Innate Abilities, Weirdness & Mutations

You cannot be hasted, slowed, berserked, paralysed or teleported.
You can dig through walls and to a lower floor.
You have a pair of large antennae on your head. (SInv)
Your four strong arms can wield two-handed weapons with a shield.


Message History

The hound bites you but does no damage.
You barely miss the hound. The hound closely misses you.
The hound bites you but does no damage.
You hit the hound.
The hound flickers and vanishes for a moment.
The hound is moderately wounded.
The hound bites you but does no damage. x2
You barely miss the hound.
The hound is moderately wounded.
The hound bites you.
A troll comes into view.
The hound bites you but does no damage.
You hit the hound. You freeze the hound.
The hound is severely wounded.
The hound bites you but does no damage. The hound barely misses you.
You closely miss the hound.
The hound is severely wounded.
You block the hound's attack. The hound barely misses you.
You slash the hound!
You kill the hound!
You have reached level 5!
There is a stone staircase leading up here.
You climb upwards.
Level annotation: exclusion: 2 doors
There is a stone staircase leading down here.
There is an escape hatch in the ceiling here.
There is a stone staircase leading down here.
You climb downwards.
The wyvern hisses angrily.
The orc shouts!
Found a leather armour.
There is a stone staircase leading up here.
You hit the wyvern. You burn the wyvern.
The wyvern is lightly wounded.
You block the wyvern's attack. The wyvern bites you!
You slash the wyvern!
The wyvern is heavily wounded.
You barely miss the orc. The wyvern bites you! The orc hits you with a +0 mace.
* * * LOW HITPOINT WARNING * * *
The wyvern bites you!
You die...

.......#.#.#.#.##
..................
.........#.#.#.#...
######................#
....#......#..
#.#.........#..
#...........
###.......# .......@l.#
.......o..#
.............
.............#
...............
...............
....#..........
....#....[.....


You could see a wyvern and an orc.

Vanquished Creatures
  A hound (D:5)
  4 adders
  An ufetubus (D:4)
  A dart slug (D:4)
  An orc (D:4)
  5 ball pythons
  8 endoplasms
  3 giant cockroaches (D:2)
  5 goblins
  3 hobgoblins
  5 kobolds
  2 quokkas (D:1)
  2 bats (D:1)
  2 frilled lizards
  3 rats (D:1)
46 creatures vanquished.

Vanquished Creatures (others)
  7 toadstools (D:1)
7 creatures vanquished.

Grand Total: 53 creatures vanquished

Notes
Turn   | Place    | Note
-------+----------+-------------------------------------------
     0 | D:1      | YayAnonymity the Formicid Fighter began the quest for the
                  | Orb.
     0 | D:1      | Reached XP level 1. HP: 18/18 MP: 1/1
   228 | D:1      | Found a faded altar of an unknown god.
   261 | D:1      | Reached XP level 2. HP: 24/24 MP: 2/2
   917 | D:1      | Reached XP level 3. HP: 29/29 MP: 3/3
  1547 | D:2      | Reached XP level 4. HP: 32/35 MP: 4/4
  1740 | D:2      | You fall into a shaft and drop 2 floors!
  2904 | D:5      | Entered Level 5 of the Dungeon
  2915 | D:5      | Noticed a troll
  2919 | D:5      | Reached XP level 5. HP: 33/41 MP: 5/5
  2976 | D:5      | Noticed a wyvern
  2978 | D:5      | Slain by a wyvern

Illustrated notes

Levels and vault maps discovered:
D:1:      nagdon_arrival_double_spiral, layout_basic,
          shapermc_ecumenical_altar_mp_highgroup
D:2:      layout_basic, grunt_decor_arrowhead, minmay_misc_feat_square
D:4:      minmay_goblin_kobold_castle, layout_basic, lemuel_old_faithful
D:5:      layout_cave_pools, temple_statues, serial_co_window_serial,
          co_window_corner_a, co_window_corner_a, co_window_paths_b,
          co_window_paths_b, co_window_paths_b, co_window_corner_cb,
          co_window_corner_ca, co_window_corner_b, co_window_of_opportunity_b,
          co_window_corner_ca, co_window_of_opportunity_b, co_window_4corner_a,
          glass_columns_a, glass_columns_b, glass_columns_c, glass_columns_b,
          glass_columns_b, serial_shops, shop, small_statue_intersection,
          uniq_menkaure

Skill      XL: |  1  2  3  4 |
---------------+-------------+-----
Shields        | 4 |  4.5
Axes           | 3 |  3.8
Armour         | 4 |  4.2
Fighting       | |  3.2

Action                   |  1- 3 |  4- 6 || total
-------------------------+-------+-------++-------
Melee: War axe           |    11 |    51 ||    62
       Whip              |    74 |    25 ||    99
  Use: Scroll            |       |     7 ||     7
Armor: Scale mail        |    33 |    54 ||    87
Dodge: Dodged            |    31 |    29 ||    60
Block: Buckler           |    18 |    23 ||    41

Table legend: (Time is in decaauts)
 A = Elapsed time spent in this place.
 B = Non-inter-level travel time spent in this place.
 C = Inter-level travel time spent in this place.
 D = Time resting spent in this place.
 E = Time spent auto-exploring this place.
 F = Levels seen in this place.
 G = Mean time per level.
                   A        B        C        D        E       F      G
               +--------+--------+--------+--------+--------+-----+--------+
         Total |   3006 |   2936 |     70 |    214 |   2279 |   4 |  751.5 |
       Dungeon |   3006 |   2936 |     70 |    214 |   2279 |   4 |  751.5 |
               +--------+--------+--------+--------+--------+-----+--------+

Top non-repeatable levels by time:
     D:4: 1233 daAuts
     D:1: 1186 daAuts
     D:2: 560 daAuts
     D:5: 25 daAuts
